 Dungeon Sprint DCSS version 0.31-a0-1576-ga3383bade6 (webtiles) character file.

Game seed: 500617470545101812

812 sircluck the Grappler (level 7, -11/133 HPs)
             Began as a Troll Berserker on Jan 4, 2024.
             Was a High Priest of Trog.
             Killed from afar by a deep elf pyromancer (17 damage)
             ... with a bolt of fire
             ... in the Dungeon (Sprint III: "The Ten Rune Challenge").
             The game lasted 00:01:31 (291 turns).

sircluck the Grappler (Troll Berserker)              Turns: 291, Time: 00:01:32

Health: -11/133    AC:  6    Str: 27    XL:     7   Next: 61%
Magic:  6/6        EV: 13    Int:  2    God:    Trog [*****.]
Gold:   35         SH:  0    Dex: 13    Spells: 6/6 levels left

rFire   . .          .
                       - Unarmed
rCold   . . .        (no shield)
rNeg    . . .        a - +0 animal skin
rPois   .            (helmet restricted)
rElec   .            (no cloak)
rCorr   .            (gloves unavailable)
SInv    .            (boots unavailable)
Will    .....        (no amulet) Stlth
                     (no ring)
HPRegen 1.22/turn    (no ring)
MPRegen 0.10/turn

%: no teleportation, clarity
@: berserking, very quick
A: large, unfitting armour, claws 3, regeneration 1, shaggy fur 1, tough skin 1,
iridescent scales 1, agile 1, clarity, robust 1
a: Renounce Religion, Berserk, Trog's Hand, Brothers in Arms


You were in the Dungeon.
You worshipped Trog.
Trog was extremely pleased with you.
You visited 1 branch You collected 35 gold pieces.

Inventory:

Armour
 a - a +0 animal skin (worn)
Scrolls
 g - a scroll of blinking
 i - 2 scrolls of immolation {unknown}
 j - 4 scrolls of identify
Potions
 b - a potion of curing
 c - 2 potions of heal wounds
 d - a potion of haste
 e - 2 potions of magic
 f - a potion of berserk rage
 h - 2 potions of mutation
 k - a potion of brilliance {unknown}
 l - a potion of invisibility {unknown}
 m - a potion of enlightenment {unknown}
Miscellaneous
 n - a sack of spiders


   Skills:
 + Level 8.7 Fighting
 + Level 8.5 Dodging
 + Level 10.2 Unarmed Combat


You had 6 spell levels left.
You didn't know any spells.
Your spell library was empty.

Dungeon Overview and Level Annotations

Branches:
Dungeon (1/1)

Altars:
Cheibriados
Dithmenos
Elyvilon
Fedhas
Gozag
Hepliaklqana
Kikubaaqudgha
Makhleb
Nemelex Xobeh
Okawaru
Qazlal
Ru
Sif Muna
Trog
Uskayaw
Vehumet
Wu Jian
Xom
Yredelemnul
Zin
The Shining One
Jiyva
Lugonu


Innate Abilities, Weirdness & Mutations

You are too large for most types of armour.
You have claws for hands.
Your natural rate of healing is unusually fast.
You are covered in fur. (AC +1)
You have tough skin. (AC +1)
You are partially covered in iridescent scales. (AC +2)
You are agile. (Dex +4, Str/Int -1)
You possess an exceptional clarity of mind.
You are robust. (+10% HP)


Message History

The fire elemental barely misses you.
You scratch the deep elf pyromancer.
The deep elf pyromancer is severely wounded.
The deep elf pyromancer hits you with a +2 long sword of holy wrath.
The fire elemental hits you. The fire elemental burns you!
The fire elemental hits you. The fire elemental burns you!
You are too injured to fight recklessly!
You are too injured to fight recklessly!
You are too injured to fight recklessly!
You are too injured to fight recklessly!
You are too injured to fight recklessly!
You are too injured to fight recklessly!
You are too injured to fight recklessly!
You are too injured to fight recklessly!
You are too injured to fight recklessly!
You are too injured to fight recklessly!
Unknown command.
You barely miss the deep elf pyromancer.
The deep elf pyromancer is severely wounded.
The deep elf pyromancer misses you. The fire elemental hits you.
The fire elemental burns you!
* * * LOW HITPOINT WARNING * * *
The fire elemental completely misses you.
You closely miss the deep elf pyromancer.
The deep elf pyromancer is severely wounded.
The fire elemental hits you. The fire elemental burns you!
* * * LOW HITPOINT WARNING * * *
The deep elf pyromancer hits you with a +2 long sword of holy wrath.
* * * LOW HITPOINT WARNING * * *
The fire elemental completely misses you.
Unknown command.
Unknown command.
A red film seems to cover your vision as you go berserk!
You feel yourself moving faster!
You feel mighty! The fire elemental misses you. The fire elemental hits you.
The fire elemental burns you!
* * * LOW HITPOINT WARNING * * *
The deep elf pyromancer gestures at you while chanting.
The bolt of fire hits you!
You die...

▓▓▓▓▓▓▓▓ ▓▓▓ ..'....♣
♣.############ ..#....♣♣♣
♣.#__E#___#__# ###......♣
♣♣.#e@.#__.#)_#
..#....~♣♣♣♣..###E#'###†##
..#...~~....♣.#..........#
.(#..~~~~..♣♣.'.⌠........#
#'#..~≈≈~~~♣♣.#...######'#
.†#.~~≈~~~....#.⌠.#__#...#
).#.~≈~~~.....#...#__#...#
..#.~~~.......#'###__#...#
###...........#.))#__#...+


You could see a deep elf pyromancer and 2 fire elementals.

Vanquished Creatures
  A shadow (D)
  A spatial vortex (D)
  A necrophage (D)
  A water elemental (D)
  A jelly (D)
  An arcanist (D)
  Jessica (D)
  A necromancer (D)
  A kobold demonologist (D)
  3 humans (D)
  A phantom (D)
  An endoplasm (D)
  2 rats (D)
16 creatures vanquished.

Notes
Turn   | Place    | Note
-------+----------+-------------------------------------------
     0 | D        | sircluck the Troll Berserker began the quest for the Orb.
     0 | D        | Reached XP level 1. HP: 22/22 MP: 0/0
    11 | D        | Noticed Jessica
    12 | D        | Reached ** piety under Trog
    17 | D        | Killed Jessica
    18 | D        | Reached skill level 4 in Unarmed Combat
    18 | D        | Reached XP level 2. HP: 32/32 MP: 1/1
    18 | D        | Reached XP level 3. HP: 39/39 MP: 2/2
    56 | D        | Reached *** piety under Trog
    57 | D        | Reached skill level 5 in Unarmed Combat
    81 | D        | Gained mutation: Your body sometimes deteriorates upon
                  | taking damage. [potion of mutation]
    81 | D        | Gained mutation: You are robust. (+10% HP) [potion of
                  | mutation]
    81 | D        | Gained mutation: You are partially covered in large bone
                  | plates. (SH +4) [potion of mutation]
    81 | D        | Gained mutation: You possess an exceptional clarity of
                  | mind. [potion of mutation]
    82 | D        | Lost mutation: You are partially covered in large bone
                  | plates. (SH +4) [potion of mutation]
    82 | D        | Lost mutation: Your body sometimes deteriorates upon taking
                  | damage. [potion of mutation]
    82 | D        | Gained mutation: You are partially covered in iridescent
                  | scales. (AC +2) [potion of mutation]
    82 | D        | Gained mutation: You are agile. (Dex +4, Str/Int -1)
                  | [potion of mutation]
    93 | D        | Noticed a water elemental
    97 | D        | Killed a water elemental
    98 | D        | Reached skill level 5 in Fighting
    98 | D        | Reached skill level 5 in Dodging
    98 | D        | Reached skill level 6 in Unarmed Combat
    98 | D        | Reached XP level 4. HP: 55/55 MP: 3/3
   101 | D        | Found a radiant altar of Vehumet.
   101 | D        | Found a shimmering blue altar of Sif Muna.
   101 | D        | Found an ancient bone altar of Kikubaaqudgha.
   101 | D        | Noticed an arcanist
   105 | D        | Killed an arcanist
   106 | D        | Reached XP level 5. HP: 62/62 MP: 4/4
   106 | D        | Noticed a rust devil
   111 | D        | Reached **** piety under Trog
   154 | D        | Found a basalt altar of Yredelemnul.
   154 | D        | Found a shadowy altar of Dithmenos.
   154 | D        | Found a sacrificial altar of Ru.
   159 | D        | Reached skill level 7 in Unarmed Combat
   172 | D        | Noticed a shadow
   181 | D        | Killed a shadow
   182 | D        | Reached skill level 8 in Unarmed Combat
   182 | D        | Reached XP level 6. HP: 65/78 MP: 5/5
   195 | D        | Found a blossoming altar of Fedhas.
   195 | D        | Found a stormy altar of Qazlal.
   195 | D        | Found a snail-covered altar of Cheibriados.
   195 | D        | Found a burning altar of Makhleb.
   195 | D        | Found a shimmering altar of Xom.
   196 | D        | Found a hazy altar of Hepliaklqana.
   196 | D        | Found an opulent altar of Gozag.
   196 | D        | Found a sparkling altar of Nemelex Xobeh.
   196 | D        | Found a corrupted altar of Lugonu.
   196 | D        | Found a viscous altar of Jiyva.
   196 | D        | Noticed a spatial vortex
   206 | D        | Killed a spatial vortex
   206 | D        | Reached ***** piety under Trog
   207 | D        | Reached skill level 9 in Unarmed Combat
   207 | D        | Reached XP level 7. HP: 86/86 MP: 6/6
   223 | D        | Found a hide-covered altar of Uskayaw.
   223 | D        | Found an iron altar of Okawaru.
   223 | D        | Found a bloodstained altar of Trog.
   223 | D        | Found an ornate altar of the Wu Jian Council.
   223 | D        | Noticed a human
   225 | D        | Noticed a human
   233 | D        | Killed a human
   234 | D        | Killed a human
   235 | D        | Reached skill level 10 in Unarmed Combat
   281 | D        | Found a glowing silver altar of Zin.
   282 | D        | Found a glowing golden altar of the Shining One.
   282 | D        | Found a white marble altar of Elyvilon.
   282 | D        | Noticed a deep elf pyromancer
   285 | D        | Noticed a fire elemental
   285 | D        | Noticed a fire elemental
   291 | D        | HP: 6/133 [fire elemental[a deep elf pyromancer] (7)]
   291 | D        | Killed from afar by a deep elf pyromancer

Illustrated notes

Levels and vault maps discovered:
D:        dungeon_sprint_mu [sprint_mu_entry_forest, sprint_mu_temple_rooms,
          sprint_mu_d1_horrors, sprint_mu_d2_genie, sprint_mu_d3_branching,
          sprint_mu_orc_legion, sprint_mu_elf_gauntlet, sprint_mu_hive_nellie,
          sprint_mu_lair_fedhas, sprint_mu_vaults_butterflies,
          sprint_mu_slime_circle, sprint_mu_swamp_cave, sprint_mu_snake_twists,
          sprint_mu_blade_basic, sprint_mu_crypt_fortress,
          sprint_mu_tomb_spiral, sprint_mu_vestibule_basic,
          sprint_mu_gehenna_hellfire, sprint_mu_dis_giant,
          sprint_mu_tartarus_statrot, sprint_mu_cocytus_islands, sprint_mu_zot1]

Skill      XL: |  1  2  3  4  5  6  7 |
---------------+----------------------+-----
Fighting       | 3 5 7 8 |  8.7
Dodging        | 3 5 7 8 |  8.5
Unarmed Combat | 4 6 8 9 10 | 10.2

Action                     |  1- 3 |  4- 6 |  7- 9 || total
---------------------------+-------+-------+-------++-------
  Melee: Unarmed           |    21 |    32 |    16 ||    69
         Punch             |     2 |     2 |     1 ||     5
 Invoke: Berserk           |     1 |       |     2 ||     3
    Use: Potion            |     2 |       |       ||     2
   Stab: Sleeping          |       |     1 |       ||     1
 Armour: Animal skin       |     8 |    19 |    29 ||    56
  Dodge: Dodged            |     7 |    12 |    11 ||    30

Table legend: (Time is in decaauts)
 A = Elapsed time spent in this place.
 B = Non-inter-level travel time spent in this place.
 C = Inter-level travel time spent in this place.
 D = Time resting spent in this place.
 E = Time spent auto-exploring this place.
 F = Levels seen in this place.
 G = Mean time per level.
                   A        B        C        D        E       F      G
               +--------+--------+--------+--------+--------+-----+--------+
         Total |    297 |    284 |     13 |     68 |     36 |   1 |  297.0 |
       Dungeon |    297 |    284 |     13 |     68 |     36 |   1 |  297.0 |
               +--------+--------+--------+--------+--------+-----+--------+

Top non-repeatable levels by time:
       D: 297 daAuts
